 Dungeon Crawl Stone Soup version 0.31.0-9-g3a7656b989 (webtiles) character file.

Game seed: 9616367800751477291

38 qw the Shooter (level 3, -4/20 HPs)
             Began as a Deep Elf Hunter on Feb 2, 2024.
             Slain by a gnoll
             ... wielding a +3 halberd
              (12 damage)
             ... on level 2 of the Dungeon.
             The game lasted 00:00:02 (830 turns).

qw the Shooter (Deep Elf Hunter)                     Turns: 830, Time: 00:00:03

Health: -4/20      AC:  4    Str: 10    XL:     3   Next: 25%
Magic:  5/5        EV: 12    Int: 13    God:
Gold:   41         SH:  0    Dex: 18    Spells: 2/2 levels left

rFire   . . .        a - +0 shortbow
rCold   . . .        (shield currently unavailable)
rNeg    . . .        c - +0 leather armour
rPois   .            (no helmet)
rElec   .            i - +0 cloak
rCorr   .            (no gloves)
SInv    .            (no boots)
Will    .....        (no amulet)
Stlth   ++           (no ring)
HPRegen 0.23/turn    (no ring)
MPRegen 0.09/turn

%: no passive effects
@: no status effects
A: no striking features
a: no special abilities


You were on level 2 of the Dungeon.
You visited 1 branch of the dungeon, and saw 2 of its levels.

You collected 41 gold pieces.


   Skills:
 - Level 1.5 Fighting
 + Level 6.8 Ranged Weapons
 - Level 2.4 Dodging
 - Level 1.2 Stealth


You had 2 spell levels left.
You didn't know any spells.
Your spell library was empty.

Inventory:

Hand Weapons
 a - a +0 shortbow (weapon)
Armour
 c - a +0 leather armour (worn)
 i - a +0 cloak (worn)
Scrolls
 b - a scroll of fog {unknown}
Potions
 d - a potion of berserk rage {unknown}
 e - a potion of attraction {unknown}
 f - a potion of curing {unknown}

Dungeon Overview and Level Annotations

Branches:
Dungeon (2/15)

Altars:


Message History

You kill the kobold!
A rat comes into view.
Found a stone staircase leading up.
You shoot an arrow. The arrow hits the rat.
You kill the rat!
You have reached level 3!
Your experience leads to an increase in your attributes!
Increase (S)trength, (I)ntelligence, or (D)exterity?
You feel stronger. x2
A ribbon worm comes into view.
The ribbon worm moves out of view.
A gnoll comes into view. It is wielding a +0 flail.
You shoot an arrow. The arrow hits the gnoll!
The gnoll is severely wounded.
You hear a shout!
You shoot an arrow. The arrow hits the gnoll!
You kill the gnoll!
A gnoll comes into view. It is wielding a +3 halberd.
You shoot an arrow. The arrow barely misses the gnoll.
You shoot an arrow. The arrow hits the gnoll.
The gnoll is lightly wounded.
You shoot an arrow. The arrow hits the gnoll.
The gnoll is heavily wounded.
A gnoll comes into view. It is wielding a +0 whip.
An endoplasm comes into view.
You shoot an arrow. The arrow closely misses the gnoll.
The gnoll shouts!
The endoplasm quivers.
A gnoll comes into view. It is wielding a +0 halberd.
827 ||| RETREEEEATING.
The gnoll attacks as it pursues you!
The gnoll hits you from afar with a +3 halberd.
828 ||| RETREEEEATING.
You shoot an arrow. The arrow closely misses the gnoll.
The gnoll hits you from afar with a +3 halberd!
You shoot an arrow. The arrow hits the gnoll!
The gnoll is almost dead.
The gnoll hits you from afar with a +3 halberd!
Ouch! That really hurt!
You die...

# ..)# . .## ...#g. ..
#...... #. ..g.. .#g.<
###.J#### #.g.....#
#.......# #.#####.@.....#
#.......#+#####
.......#.#.# ###
...)...#.#.# #.#
.......#.#.##### #.#
.......#.#.#..<###.#
.......#.........#.#######
.......#......##.#.#.....#
...........##.##.#<#.#####


You could see 3 gnolls and an endoplasm.

Vanquished Creatures
  A gnoll (D:2)
  2 dart slugs (D:1)
  3 ball pythons (D:1)
  3 endoplasms (D:1)
  A giant cockroach (D:1)
  2 hobgoblins (D:1)
  A quokka (D:1)
  3 bats (D:1)
  A frilled lizard (D:1)
  2 kobolds
  5 rats
24 creatures vanquished.

Notes
Turn   | Place    | Note
-------+----------+-------------------------------------------
     0 | D:1      | qw the Deep Elf Hunter began the quest for the Orb.
     0 | D:1      | Reached XP level 1. HP: 12/12 MP: 3/3
     0 | D:1      | 0 ||| qw: Version: 0.3-a-155-g5e7d8dd
     0 | D:1      | 0 ||| qw: Game counter: 977
     0 | D:1      | 0 ||| qw: Melee chars always use a shield: true
     0 | D:1      | 0 ||| qw: God list: Okawaru
     0 | D:1      | 0 ||| qw: Allow faded altars: false
     0 | D:1      | 0 ||| qw: Do Orc after clearing Dungeon:15 true
     0 | D:1      | 0 ||| qw: Do second Lair branch before Depths: true
     0 | D:1      | 0 ||| qw: Lair rune preference: random
     0 | D:1      | 0 ||| qw: Goals: Normal
     0 | D:1      | 0 ||| PLANNING D:1-11
   170 | D:1      | Reached skill level 6 in Ranged Weapons
   170 | D:1      | Reached XP level 2. HP: 13/16 MP: 4/4
   662 | D:1      | 662 ||| UPGRADING to +0 cloak.
   667 | D:1      | 667 ||| READING scroll labelled MIETAW METZ.
   768 | D:1      | 768 ||| READING scroll labelled ZICOJI LE IWEM.
   769 | D:1      | 769 ||| READING scroll labelled QIATIF VIGE.
   770 | D:1      | 770 ||| DROPPING scroll of butterflies.
   818 | D:2      | Reached XP level 3. HP: 20/20 MP: 5/5
   827 | D:2      | 827 ||| RETREEEEATING.
   828 | D:2      | 828 ||| RETREEEEATING.
   830 | D:2      | Slain by a gnoll

Levels and vault maps discovered:
D:1:      lightli_arrival_chessboard, layout_loops_ring, minmay_pentomino_t2
D:2:      layout_basic, minmay_goblin_outpost

Skill      XL: |  1 |
---------------+----+-----
Ranged Weapons | 6 |  6.8
Fighting       | |  1.5
Dodging        | |  2.4
Stealth        | |  1.2

Action                     || total
---------------------------++-------
   Fire: Shortbow          ||    68
    Use: Scroll            ||     3
 Armour: Leather armour    ||    10
  Dodge: Dodged            ||     9

Table legend:
 A = Non-vault XP
 B = Vault XP
 C = Vault XP percentage of total XP
 D = Non-vault monster count
 E = Vault monster count
 F = Vault count percentage of total count
                 A         B        C        D         E       F
            +---------+---------+-------+---------+---------+-------
      Total |      51 |       4 |   7.3 |      22 |       2 |   8.3
            +---------+---------+-------+---------+---------+-------
        D:1 |      34 |       4 |  10.5 |      19 |       2 |   9.5
        D:2 |      17 |       0 |   0.0 |       3 |       0 |   0.0
            +---------+---------+-------+---------+---------+-------
